 Dungeon Crawl Stone Soup version 0.28.0-43-g3370ac3207 (webtiles) character file.

Game seed: 12424235008552536103

9827 bnorton916 the Protected (level 11, -1/84 HPs)
             Began as a Barachi Ice Elementalist on Mar 20, 2022.
             Was a Follower of Cheibriados.
             Slain by a cane toad (12 damage)
             ... on level 11 of the Dungeon on Mar 21, 2022.
             The game lasted 00:42:57 (24383 turns).

bnorton916 the Protected (BaIE)                    Turns: 24383, Time: 00:42:58

Health: -1/84      AC: 18    Str: 12    XL:     11   Next: 52%
Magic:  8/23       EV: 15    Int: 22    God:    Cheibriados [*.....]
Gold:   675        SH:  0    Dex: 17    Spells: 6/26 levels left

rFire   + . .      SeeInvis .   j - +3 spear (vorpal)
rCold   . . .      Faith    .   (no shield)
rNeg    . . .      Spirit   .   R - +0 acid dragon scales
rPois   .          Reflect  .   Q - +0 helmet
rElec   .          Harm     .   a - +0 cloak
rCorr   +          Rampage  .   k - +0 pair of gloves
Will    .....                   (no boots)
Stlth   ++........              (no amulet)
HPRegen 0.24/turn               g - ring of flight
MPRegen 0.18/turn               O - +4 ring of slaying

@: ice-armoured, unable to hop, freezing walls, flying, very slow
A: amphibious, slowness 1, strong legs 1, +LOS, fire resistance 1, screaming 1,
no potion heal 1
a: Hop, Renounce Religion, Bend Time


You were on level 11 of the Dungeon.
You worshipped Cheibriados.
Cheibriados was aware of your devotion.
You visited 4 branches of the dungeon, and saw 15 of its levels.
You also visited: Sewer and Ossuary.

You collected 987 gold pieces.
You spent 312 gold pieces at shops.

Inventory:

Hand Weapons
 e - a +2 dagger of speed
 j - a +3 vorpal spear (weapon)
 y - a +5 rapier of draining
 F - a +0 long sword
 I - a +2 dagger of venom
Missiles
 d - 308 stones (quivered)
 n - a throwing net
 t - 59 sling bullets
 J - a boomerang of dispersal
Armour
 a - a +0 cloak (worn)
 k - a +0 pair of gloves (worn)
 m - a +2 leather armour of fire resistance
 D - +0 steam dragon scales
 N - a +0 scale mail
 Q - a +0 helmet (worn)
 R - +0 acid dragon scales (worn)
 S - a +0 troll leather armour
Magical Staves
 C - a staff of cold
Jewellery
 g - a ring of flight (left hand)
 A - a ring of resist corrosion
 E - a ring of fire
 O - a +4 ring of slaying (right hand)
Wands
 h - a wand of polymorph (19)
 o - a wand of iceblast (4)
 r - a wand of flame (46)
 w - a wand of mindburst (9)
 T - a wand of charming (6)
Scrolls
 l - a scroll of holy word
 v - 3 scrolls of fear
 x - a scroll of vulnerability
 B - a scroll of summoning
 H - a scroll of enchant armour
 K - 2 scrolls of enchant weapon
 P - a scroll of identify
Potions
 b - 9 potions of berserk rage
 c - a potion of curing
 f - a potion of ambrosia
 i - 3 potions of lignification
 p - a potion of resistance
 q - 3 potions of invisibility
 u - 3 potions of brilliance
 z - 2 potions of flight
 G - a potion of cancellation
 L - a potion of heal wounds
 M - a potion of attraction


   Skills:
 - Level 7.3 Fighting
 - Level 9.2 Armour
 - Level 7.2 Dodging
 - Level 1.7 Stealth
 - Level 8.2 Spellcasting
 - Level 8.4 Conjurations
 + Level 4.0 Fire Magic
 - Level 7.2 Ice Magic
 - Level 5.0 Air Magic


You had 6 spell levels left.
You knew the following spells:

 Your Spells              Type           Power      Damage    Failure   Level
a - Freeze                Ice            100%       1d11      1%          1
b - Frozen Ramparts       Ice            82%        1d10      1%          3
c - Ozocubu's Armour      Ice            41%        N/A       1%          3
d - Hailstorm             Conj/Ice       43%        3d10      4%          4
e - Freezing Cloud        Conj/Ice/Air   19%        6-21      17%         5
f - Flame Wave            Conj/Fire      36%        2d9       8%          4

Your spell library contained the following spells:

 Spells                   Type           Power      Damage    Failure   Level
 Foxfire                  Conj/Fire      100%       2x1d9     1%          1
 Blink                    Tloc           18%        N/A       16%         2
 Sublimation of Blood     Necr           9%         N/A       16%         2
 Fireball                 Conj/Fire      18%        3d9       22%         5
 Lesser Beckoning         Tloc           9%         N/A       30%         3
 Irradiate                Conj/Tmut      13%        3d18      45%         5
 Passage of Golubria      Tloc           9%         N/A       71%         4
 Petrify                  Tmut/Erth      9%         N/A       71%         4
 Silence                  Hex/Air        10%        N/A       71%         5
 Manifold Assault         Tloc           9%         N/A       96%         5
 Simulacrum               Ice/Necr       12%        N/A       98%         6
 Lehudib's Crystal Spear  Conj/Erth      13%        10d5      100%        8
 Polar Vortex             Ice            20%        N/A       100%        9


Dungeon Overview and Level Annotations

Branches:
Dungeon (11/15)            Temple (1/1) D:7            Lair (1/6) D:11
    Orc (2/2) D:9             Elf (0/3) Orc:2         Sewer (visited)
Ossuary (visited)

Altars:
Ashenzari
Cheibriados
Dithmenos
Elyvilon
Fedhas
Gozag
Hepliaklqana
Kikubaaqudgha
Makhleb
Nemelex Xobeh
Okawaru
Qazlal
Ru
Sif Muna
Trog
Uskayaw
Vehumet
Wu Jian
Xom
Yredelemnul
Zin
The Shining One
Lugonu

Shops:
D:4 [:   Orc:1 *

Portals:
Trove: D:10 (give 6 scrolls of fog)

Annotations:
D:4 2 transporters, WaxSun's ghost, amateur OgFE
D:8 3 runed translucent doors, PerfectTommy's ghost, journeyman HuCA
D:11 Snorg


Innate Abilities, Weirdness & Mutations

You are amphibious.
You cover ground slowly.
You can hop short distances.
You have an extended range of vision and can be seen from far away.
Your flesh is heat resistant. (rF+)
You occasionally shout uncontrollably at your foes.
Potions are less effective at restoring your health.


Message History

You are poisoned.
The cane toad poisons you! The komodo dragon bites you!
The cane toad barely misses you.
You feel very sick. The cane toad stings you! The komodo dragon bites you!
* * * LOW HITPOINT WARNING * * *
Unknown command.
Hop to where?
Press: ? - help, Dir - move target Your icy armour will break if you move.
Continue?
Your icy armour cracks and falls away as you move.
Boing!
You feel sick.
You feel very sick.
Casting: Ozocubu's Armour (safe; 1% risk of failure)
Confirm with . or Enter, or press ? or * to list all spells.
Casting: Frozen Ramparts (safe; 1% risk of failure)
Press: ? - help, Dir - look around, f - activate The walls around you are covered in ice.
You feel sick.
Casting: Frozen Ramparts (safe; 1% risk of failure)
Confirm with . or Enter, or press ? or * to list all spells.
A film of ice covers your body!
You feel sick.
The wall freezes the cane toad.
You feel sick.
The wall freezes the cane toad.
The cane toad seems to slow down.
Unknown command.
Your system partially rejects the healing.
You feel better.
The wall freezes the komodo dragon.
The wall freezes the cane toad.
The cane toad seems to slow down.
The cane toad stings you!
* * * LOW HITPOINT WARNING * * *
Unknown command.
Your system partially rejects the healing.
You feel better.
The wall freezes the komodo dragon.
The wall freezes the cane toad.
The cane toad stings you but does no damage.
The wall freezes the komodo dragon!
The komodo dragon seems to slow down.
Your system partially rejects the healing.
You feel better.
The wall freezes the komodo dragon!
The wall freezes the cane toad.
The cane toad stings you!
You die...

+........#.....##......).........
#........#.....###....?.#..##....
..............## #.######..##....
.........####.# #.# #..##....
..#+#.......#.# #.# #..##.(..
..#...........# #)# #..##....
..#...........####.# #..##....
.##..............#[# #..###'##
###....).....###@#)# #..###.#
.............# #F#.### #...##.#
...#........####l....####...##.#
...##'###'####.........##...##.#
...##.# #.###...P.......#......#
'####.###.##.........P.......#.#
.# #...#.........>.......##...#
.# ###.####.............####..#
.# #.# ##........P..## #.>#


You could see a komodo dragon (slow) and a cane toad (slow).

Vanquished Creatures
  A hydra (D:9)
  A boulder beetle (D:11)
  A two-headed ogre (D:11)
  A cyclops (D:7)
  An unseen horror (D:10)
  4 trolls
  A hornet (D:9)
  2 wyverns
  5 yaks (D:9)
  A steam dragon (D:7)
  3 wargs (D:11)
  Duvessa (D:6)
  An acid dragon (D:10)
  A water moccasin (D:5)
  A black bear (D:6)
  3 sky beasts
  6 orc warriors
  2 ice beasts
  6 necrophages
  An ogre (D:5)
  7 centaurs
  A phantom (D:6)
  3 bullfrogs
  A water moccasin zombie (D:5)
  A wyvern skeleton (D:7)
  Dowan (D:6)
  5 killer bees
  5 howler monkeys
  A bullfrog zombie (D:5)
  8 centaur zombies
  A gnoll shaman (D:6)
  3 hounds
  7 orc priests
  A bullfrog skeleton (D:7)
  A centaur skeleton (D:6)
  2 human zombies (Ossuary)
  5 iguanas
  8 orc wizards
  A hell rat (Sewer)
  3 mummies (Ossuary)
  8 gnolls
  3 river rats (Sewer)
  6 adders
  A shadow imp (D:7)
  An ufetubus (D:6)
  A worm zombie (D:5)
  7 adder zombies (Ossuary)
  3 worms
  2 dart slugs (D:3)
  29 orcs
  11 ball pythons
  9 bats
  6 endoplasms
  3 giant cockroaches
  7 goblins
  8 hobgoblins
  5 kobolds
  3 quokkas
  2 frilled lizards
  3 gnoll zombies (Ossuary)
  2 goblin zombies (Ossuary)
  3 hobgoblin zombies (Ossuary)
  2 jackal zombies (Ossuary)
  3 kobold zombies (Ossuary)
  2 orc zombies (Ossuary)
  3 quokka zombies (Ossuary)
  8 rats
  4 rat zombies (Ossuary)
  A spectral goblin (D:2)
254 creatures vanquished.

Vanquished Creatures (collateral kills)
  An adder (D:5)
1 creature vanquished.

Vanquished Creatures (others)
  An orc priest (D:7)
  3 bushes (D:5)
  13 plants (D:5)
17 creatures vanquished.

Grand Total: 272 creatures vanquished

Notes
Turn   | Place    | Note
-------+----------+-------------------------------------------
     0 | D:1      | bnorton916 the Barachi Ice Elementalist began the quest for
                  | the Orb.
     0 | D:1      | Reached XP level 1. HP: 13/13 MP: 3/3
   291 | D:1      | Reached skill level 5 in Ice Magic
   347 | D:1      | Reached XP level 2. HP: 15/19 MP: 1/5
  1142 | D:2      | Found a faded altar of an unknown god.
  1183 | D:2      | Reached XP level 3. HP: 20/24 MP: 4/6
  1193 | D:2      | Learned a level 3 spell: Frozen Ramparts
  1197 | D:2      | Learned a level 3 spell: Ozocubu's Armour
  2056 | D:2      | Reached XP level 4. HP: 25/30 MP: 4/8
  3205 | D:3      | Found an ornate altar of the Wu Jian Council.
  3952 | D:3      | Reached XP level 5. HP: 25/35 MP: 6/10
  4806 | D:3      | Learned a level 4 spell: Hailstorm
  4883 | D:3      | Found a burning altar of Makhleb.
  5134 | D:4      | Found Uxuskyij's Armour Shop.
  5256 | D:4      | Found a glowing drain.
  5294 | Sewer    | Entered a sewer
  5697 | Sewer    | Reached skill level 1 in Conjurations
  5697 | Sewer    | Reached XP level 6. HP: 36/41 MP: 7/11
  5698 | Sewer    | Reached skill level 1 in Armour
  5964 | D:4      | Found Nefieby's Book Emporium.
  5964 | D:4      | Noticed a necrophage
  5985 | D:4      | Killed a necrophage
  5986 | D:4      | Reached skill level 2 in Armour
  6403 | D:4      | Found a transporter.
  6403 | D:4      | Noticed WaxSun's ghost (amateur OgFE)
  6413 | D:4      | Found a transporter.
  6732 | D:5      | Entered Level 5 of the Dungeon
  6783 | D:5      | Found a glowing golden altar of the Shining One.
  6803 | D:5      | Reached XP level 7. HP: 11/46 MP: 7/13
  6854 | D:5      | Reached skill level 3 in Armour
  7084 | D:5      | Found a sand-covered staircase.
  7094 | Ossuary  | Entered an ossuary
  8321 | Ossuary  | Reached skill level 5 in Spellcasting
  9274 | Ossuary  | Reached skill level 4 in Armour
  9388 | D:5      | Found a blossoming altar of Fedhas.
  9598 | D:5      | Gained mutation: You occasionally shout uncontrollably at
                  | your foes. [potion of mutation]
  9598 | D:5      | Gained mutation: Potions are less effective at restoring
                  | your health. [potion of mutation]
  9598 | D:5      | Gained mutation: Your flesh is heat resistant. (rF+)
                  | [potion of mutation]
  9782 | D:5      | Found a sacrificial altar of Ru.
  9870 | D:5      | Reached XP level 8. HP: 46/52 MP: 6/16
 10250 | D:5      | Reached skill level 5 in Armour
 10268 | D:5      | Reached skill level 5 in Conjurations
 10459 | D:6      | Reached skill level 6 in Armour
 10691 | D:6      | Found a radiant altar of Vehumet.
 11196 | D:6      | Reached XP level 9. HP: 20/57 MP: 13/19
 11757 | D:6      | Found a shimmering altar of Xom.
 11758 | D:6      | Found a hazy altar of Hepliaklqana.
 11759 | D:6      | Noticed a spectral ugly thing
 11797 | D:6      | Noticed a two-headed ogre
 12193 | D:7      | Reached skill level 7 in Armour
 12873 | D:7      | Noticed a cyclops
 13307 | D:6      | Found a basalt altar of Yredelemnul.
 13666 | D:6      | Noticed Dowan
 13670 | D:6      | Noticed Duvessa
 13676 | D:6      | Killed Dowan
 13680 | D:6      | Killed Duvessa
 14266 | D:7      | Reached skill level 8 in Armour
 14953 | D:7      | Found a staircase to the Ecumenical Temple.
 14957 | Temple   | Entered the Ecumenical Temple
 15376 | D:7      | Killed a cyclops
 15546 | D:8      | Reached XP level 10. HP: 54/63 MP: 15/22
 15708 | D:8      | Reached skill level 9 in Armour
 15878 | D:8      | Found a white marble altar of Elyvilon.
 16168 | D:8      | Found a runed translucent gate.
 16168 | D:8      | Found a runed translucent gate.
 16168 | D:8      | Found a runed translucent gate.
 16169 | D:8      | Noticed PerfectTommy's ghost (journeyman HuCA)
 16441 | D:9      | Reached skill level 1 in Fighting
 16743 | D:8      | Found a sparkling altar of Nemelex Xobeh.
 16743 | D:8      | Found a shadowy altar of Dithmenos.
 16773 | D:9      | Found a bloodstained altar of Trog.
 16968 | D:9      | Noticed an eight-headed hydra
 17729 | D:9      | Reached skill level 5 in Dodging
 17946 | D:9      | Reached skill level 5 in Fighting
 18239 | D:9      | Found a snail-covered altar of Cheibriados.
 18627 | D:9      | Became a worshipper of Cheibriados the Contemplative
 18691 | D:9      | Found a shimmering blue altar of Sif Muna.
 18969 | D:9      | Killed an eight-headed hydra
 19194 | D:9      | Found a staircase to the Orcish Mines.
 19218 | Orc:1    | Entered Level 1 of the Orcish Mines
 19218 | Orc:1    | You are sucked into a shaft and drop 1 floor!
 19218 | Orc:2    | Entered Level 2 of the Orcish Mines
 19263 | Orc:2    | Found a staircase to the Elven Halls.
 19274 | Orc:2    | Noticed a two-headed ogre
 19276 | Orc:1    | Found Lamere's General Store.
 19743 | D:9      | Reached XP level 11. HP: 83/83 MP: 12/23
 19750 | D:9      | Reached * piety under Cheibriados
 20153 | D:10     | Entered Level 10 of the Dungeon
 20454 | D:10     | Learned a level 5 spell: Freezing Cloud
 20492 | D:10     | Reached skill level 1 in Air Magic
 21722 | D:10     | Found a stormy altar of Qazlal.
 21915 | D:10     | Found a portal to a secret trove of treasure.
 22256 | D:4      | Bought the Handbook of the Arsonist for 312 gold pieces
 22261 | D:4      | Learned a level 4 spell: Flame Wave
 22413 | D:11     | Reached skill level 1 in Fire Magic
 22530 | D:11     | Found a staircase to the Lair.
 22778 | D:11     | Noticed a two-headed ogre
 22789 | D:11     | Killed a two-headed ogre
 23372 | D:11     | Noticed a boulder beetle
 23392 | D:11     | Killed a boulder beetle
 23393 | D:11     | Reached skill level 5 in Air Magic
 23394 | D:11     | Noticed Snorg
 23398 | D:11     | HP: 2/84 [Snorg (7)]
 23860 | D:11     | Noticed a boulder beetle
 24366 | Lair:1   | Entered Level 1 of the Lair of Beasts
 24381 | D:11     | HP: 4/84 [cane toad (15)]
 24383 | D:11     | Slain by a cane toad

Illustrated notes

Levels and vault maps discovered:
D:1:      matt_arrival_spirals, layout_loops_ring
D:2:      layout_basic, dreamdust_ecumenical_altar_drowned_temple,
          grunt_ministairs_6
D:3:      layout_basic, mainiacjoe_overflow_brackets, general_overflow_altar,
          minmay_surrounded
D:4:      layout_basic, gammafunk_ghost_smash, cheibrodos_sewer_entry_bend,
          serial_shops, nicolae_shop_hallway_stairs, nicolae_stop_n_shop_1,
          minmay_misc_feat_diagonals
D:5:      layout_loops_corners, lemuel_tele_altar, fedhas_altar_decomposition,
          nicolae_tso_swordbearing_angel, enter_ossuary_3
D:6:      layout_basic, regret_index_temple_of_mockery, vehumet_altar_wand_db,
          lemuel_zombie_altar_yredelemnul, serial_rivers,
          chequers_serial_rivers_micro_a, chequers_serial_rivers_room_a,
          chequers_serial_rivers_large_a, chequers_serial_rivers_large_b,
          chequers_serial_rivers_micro_e, hex_medium, uniq_duvessa
D:7:      layout_cave_pools, minmay_temple_entry_glassed_door,
          kennysheep_doodads, minmay_bent
D:8:      layout_rooms, nicolae_overflow_hidden_temple,
          gammafunk_ghost_necromancy, st_stairs_11, minmay_parallelograms
D:9:      layout_stronghold, kennysheep_mini, cheibriados_altar_1,
          nicolae_sif_muna_little_library, david_orc_4, minmay_three_doors
D:10:     layout_gridville, mainiacjoe_overflow_concentric_impassable,
          enter_trove_6
D:11:     layout_basic, erik_lair_orcish_takeover, uniq_snorg
Temple:   corrupted_temple
Lair:1:   layout_gridlike, infiniplex_staircase_pool, grunt_megastairs_5
Orc:1:    layout_diamond_mine, serial_shops, nicolae_shop_crystal,
          bloody_makhleb
Orc:2:    st_orc_open, layout_diamond_mine, basic_altar, uniq_saint_roka

Skill      XL: |  1  2  3  4  5  6  7  8  9 10 11 |
---------------+----------------------------------+-----
Ice Magic      | 5 6 7 |  7.2
Spellcasting   | 3 4 5 6 8 |  8.2
Conjurations   | 1 2 4 6 7 8 |  8.4
Armour         | 2 4 6 8 9 |  9.2
Fighting       | 6 7 |  7.3
Dodging        | 6 7 |  7.2
Air Magic      | 5 |  5.0
Fire Magic     | 4 |  4.0
Stealth        | |  1.7

Action                   |  1- 3 |  4- 6 |  7- 9 | 10-12 || total
-------------------------+-------+-------+-------+-------++-------
Melee: Unarmed           |     2 |       |       |       ||     2
       Dagger            |    16 |    46 |       |       ||    62
       Spear             |       |    23 |   392 |   143 ||   558
       Punch             |       |       |     6 |     5 ||    11
Throw: Stone             |       |     4 |     2 |     1 ||     7
 Cast: Freeze            |    43 |    38 |     3 |     7 ||    91
       Frozen Ramparts   |     1 |    19 |    45 |    52 ||   117
       Ozocubu's Armour  |       |     5 |    36 |    30 ||    71
       Hailstorm         |       |       |     1 |     1 ||     2
       Flame Wave        |       |       |       |     3 ||     3
 Abil: Hop               |       |       |     2 |     5 ||     7
Evoke: Wand              |       |       |    10 |     3 ||    13
  Use: Scroll            |       |     7 |    11 |    11 ||    29
       Potion            |       |       |     3 |     4 ||     7
 Stab: Sleeping          |     2 |       |     1 |       ||     3
Armor: Robe              |    17 |    17 |   141 |       ||   175
       Leather armour    |       |       |   188 |    77 ||   265
       Skin              |       |       |     3 |       ||     3
       Acid dragon scale |       |       |       |    29 ||    29
Dodge: Dodged            |    41 |    47 |   431 |   196 ||   715
